 Dungeon Crawl Stone Soup version 0.28.0-45-g0d030f2227 (webtiles) character file.

Game seed: 14254143289423630992

307 Icepheonix32 the Chiller (level 6, -3/67 HPs)
             Began as a Demonspawn Ice Elementalist on Apr 16, 2022.
             Killed by divine providence
             ... invoked by an orc priest
              (7 damage)
             ... on level 4 of the Dungeon.
             The game lasted 00:06:15 (5127 turns).

Icepheonix32 the Chiller (DsIE)                     Turns: 5127, Time: 00:06:16

Health: -3/67      AC:  7    Str: 11      XL:     6   Next: 16%
Magic:  7/9        EV: 16    Int: 22      God:
Gold:   213        SH:  0    Dex: 15 (17) Spells: 3/10 levels left

rFire   . . .      SeeInvis .   t - +4 dagger
rCold   . . .      Faith    .   (no shield)
rNeg    . . .      Spirit   .   d - +0 leather armour
rPois   .          Reflect  .   (no helmet)
rElec   .          Harm     .   (no cloak)
rCorr   .          Rampage  .   (no gloves)
Will    .....                   (no boots)
Stlth   ..........              (no amulet)
HPRegen 0.21/turn               k - +4 ring of evasion
MPRegen 0.11/turn               s - +6 ring of intelligence

@: berserking (expiring), lethally poisoned (-3 -> -11), ice-armoured, slowed
A: thin skeletal structure 2, demonic magic 1, low MP 1, subdued magic 1
a: no special abilities


You were on level 4 of the Dungeon.
You visited 1 branch of the dungeon, and saw 4 of its levels.

You collected 213 gold pieces.

Inventory:

Hand Weapons
 c - a +2 hunting sling of flaming
 t - a +4 dagger (weapon)
 v - a +1 mace of draining
Missiles
 b - 3 silver boomerangs
Armour
 a - a +0 robe
 d - a +0 leather armour (worn)
Jewellery
 k - a +4 ring of evasion (left hand)
 m - a +4 ring of evasion
 s - a +6 ring of intelligence (right hand)
Wands
 f - a wand of charming (11)
 h - a wand of iceblast (10)
 l - a wand of mindburst (9)
Scrolls
 i - a scroll of magic mapping
 j - a scroll of blinking {unknown}
 r - a scroll of immolation
Potions
 g - a potion of lignification {unknown}


   Skills:
 * Level 2.3 Fighting
 + Level 1.3 Short Blades
 * Level 2.0 Armour
 + Level 2.3 Dodging
 + Level 3.1 Stealth
 + Level 0.1 Unarmed Combat
 + Level 2.8 Spellcasting
 + Level 4.2 Ice Magic


You had 3 spell levels left.
You knew the following spells:

 Your Spells              Type           Power      Damage    Failure   Level
a - Freeze                Ice            64%        1d8       2%          1
b - Frozen Ramparts       Ice            32%        1d5       7%          3
c - Ozocubu's Armour      Ice            16%        N/A       7%          3

Your spell library contained the following spells:

 Spells                   Type           Power      Damage    Failure   Level
 Hailstorm                Conj/Ice       9%         3d4       52%         4
 Animate Dead             Necr           1%         N/A       83%         4
 Haunt                    Necr/Summ      1%         N/A       100%        7
 Infestation              Necr           1%         N/A       100%        8


Dungeon Overview and Level Annotations

Branches:
Dungeon (4/15)
 Temple: D:4-7

Altars:
Ashenzari
Makhleb
Yredelemnul

Annotations:
D:4 Natasha


Innate Abilities, Weirdness & Mutations

You have a moderately thin skeletal structure. (Dex +4, Stealth++)
Spells you cast may paralyse adjacent enemies.
Your magical capacity is low. (-10% MP)
Your spells are a little easier to cast, but a little less powerful.


Message History

You impale the orc wizard!!
You kill the orc wizard!
Natasha stares at you and mumbles some strange words.
You feel yourself slow down.
The crimson imp blinks!
Your Armour skill increases to level 2!
Unknown command.
A red film seems to cover your vision as you go berserk!
You feel yourself moving faster!
You feel mighty! Natasha claws you.
* * * LOW HITPOINT WARNING * * *
Natasha completely misses you.
Unknown command.
You closely miss Natasha.
The crimson imp disappears in a puff of smoke!
The orc completely misses you. Natasha claws you but does no damage.
The orc priest calls upon Beogh to heal the orc.
The orc's wounds heal themselves!
The orc closely misses you.
You closely miss Natasha. The orc hits you but does no damage.
You are poisoned.
Natasha completely misses you. The orc misses you.
You closely miss Natasha.
You feel sick.
The orc hits you with a +1 dagger of venom.
* * * LOW HITPOINT WARNING * * *
Natasha barely misses you. The orc misses you.
You closely miss Natasha.
You feel sick. The orc hits you but does no damage.
You are more poisoned.
Natasha claws you but does no damage. The orc hits you but does no damage.
You hit Natasha.
Natasha is moderately wounded.
* * * LOW HITPOINT WARNING * * *
You feel very sick. The orc misses you. Natasha claws you.
* * * LOW HITPOINT WARNING * * *
Unknown command.
You hit Natasha.
Natasha is severely wounded.
* * * LOW HITPOINT WARNING * * *
You feel sick. The orc closely misses you.
The orc priest calls down the wrath of Beogh upon you.
Beogh smites you!
You die...

.#..#.# .# #.# #.#
.#..#.# #.####.### .#
... #.##.....# .# ##.#
##### #.##.###.# .# .#
#...# #.#...##.. .# # .
# ###...####......#.# ..
...#.#.......##........#
......ho..............##
.....oo@.....##.......##
.....###.?.####......###
... #...# #.#...#### .
##### #.....#...
.####.#.## . #.# . #


You could see an orc priest, Natasha and 2 orcs.

Vanquished Creatures
  A jelly (D:4)
  An orc priest (D:4)
  A hound (D:2)
  An iguana (D:4)
  2 orc wizards (D:4)
  Robin (D:4)
  2 adders
  A howler monkey skeleton (D:4)
  A worm (D:3)
  4 dart slugs (D:3)
  3 orcs
  4 bats
  8 endoplasms
  6 giant cockroaches
  13 goblins
  7 hobgoblins
  6 jackals
  4 quokkas
  11 ball pythons
  7 frilled lizards
  5 kobolds
  2 rats (D:1)
  A spectral orc (D:3)
92 creatures vanquished.

Vanquished Creatures (others)
  4 plants (D:2)
  4 toadstools (D:1)
8 creatures vanquished.

Grand Total: 100 creatures vanquished

Notes
Turn   | Place    | Note
-------+----------+-------------------------------------------
     0 | D:1      | Icepheonix32 the Demonspawn Ice Elementalist began the
                  | quest for the Orb.
     0 | D:1      | Reached XP level 1. HP: 13/13 MP: 3/3
   624 | D:1      | Gained mutation: Spells you cast may paralyse adjacent
                  | enemies. [demonic ancestry]
   624 | D:1      | Reached XP level 2. HP: 7/19 MP: 3/5
   973 | D:1      | Reached skill level 4 in Ice Magic
  1217 | D:1      | Reached skill level 1 in Fighting
  1416 | D:1      | Reached XP level 3. HP: 26/26 MP: 4/6
  2573 | D:2      | Reached skill level 1 in Armour
  2573 | D:2      | Gained mutation: You have a somewhat thin skeletal
                  | structure. (Dex +2, Stealth+) [demonic ancestry]
  2573 | D:2      | Reached XP level 4. HP: 30/33 MP: 5/7
  3034 | D:3      | Learned a level 3 spell: Frozen Ramparts
  3038 | D:3      | Learned a level 3 spell: Ozocubu's Armour
  3143 | D:3      | Found a basalt altar of Yredelemnul.
  3841 | D:3      | Found a broken altar of Ashenzari.
  3948 | D:3      | Gained mutation: Your spells are a little easier to cast,
                  | but a little less powerful. [potion of mutation]
  3948 | D:3      | Gained mutation: Your magical capacity is low. (-10% MP)
                  | [potion of mutation]
  3948 | D:3      | Gained mutation: You have a moderately thin skeletal
                  | structure. (Dex +4, Stealth++) [potion of mutation]
  3970 | D:4      | Noticed Robin
  3984 | D:4      | Killed Robin
  3985 | D:4      | Reached XP level 5. HP: 34/38 MP: 3/7
  4498 | D:4      | Reached skill level 1 in Short Blades
  4959 | D:4      | Found a burning altar of Makhleb.
  4966 | D:4      | Mutation became permanent: You have a somewhat thin
                  | skeletal structure. (Dex +2, Stealth+) [demonic ancestry]
  4966 | D:4      | Gained mutation: You have a moderately thin skeletal
                  | structure. (Dex +4, Stealth++) [demonic ancestry]
  4966 | D:4      | Reached XP level 6. HP: 45/45 MP: 4/9
  5111 | D:4      | Noticed Natasha
  5127 | D:4      | Killed from afar by an orc priest

Illustrated notes

Levels and vault maps discovered:
D:1:      ldierk_walled_garden_2, layout_loops_ring, dk_noncrumbling_3
D:2:      layout_loops_corners, serial_forest, infiniplex_forest_lined_3_way,
          infiniplex_forest_end_3, infiniplex_forest_end_2,
          infiniplex_forest_clump_medium, infiniplex_forest_clump_double,
          infiniplex_forest_clump_long, infiniplex_forest_pool,
          infiniplex_forest_clump_small
D:3:      layout_basic, yredelemnul_forgotten_temple_becter, marbit_many_paths,
          minmay_vboxes
D:4:      layout_loops_ring, amcnicky_altar_gilded, uniq_natasha, uniq_robin

Skill      XL: |  1  2  3  4  5  6 |
---------------+-------------------+-----
Ice Magic      | 4 |  4.2
Stealth        | 2 3 |  3.1
Fighting       | 1 2 |  2.3
Armour         | 1 2 |  2.0
Dodging        | 2 |  2.3
Short Blades   | 1 |  1.3
Unarmed Combat | |  0.1
Spellcasting   | |  2.8

Action                   |  1- 3 |  4- 6 || total
-------------------------+-------+-------++-------
Melee: Unarmed           |     7 |       ||     7
       Dagger            |    58 |   110 ||   168
       Punch             |     1 |     3 ||     4
 Cast: Freeze            |    42 |    14 ||    56
       Frozen Ramparts   |       |     5 ||     5
       Ozocubu's Armour  |       |     4 ||     4
  Use: Potion            |       |     8 ||     8
       Scroll            |       |     6 ||     6
 Stab: Paralysed         |    13 |    10 ||    23
       Sleeping          |     2 |     6 ||     8
Armor: Robe              |    10 |     6 ||    16
       Leather armour    |       |     6 ||     6
Dodge: Dodged            |    60 |    90 ||   150
